 Dungeon Crawl Stone Soup version 0.17-a0-1850-g688e747 (webtiles) character file.

134 derrpe the Caller (level 4, 0/30 HPs)
             Began as a Mummy Summoner on Sept 18, 2015.
             Slain by Sigmund
             ... wielding a +0 scythe
              (5 damage)
             ... on level 4 of the Dungeon.
             The game lasted 00:10:07 (4346 turns).

derrpe the Caller (Mummy Summoner)                  Turns: 4346, Time: 00:10:07

Health: 0/30       AC:  4    Str: 14    XL:     4   Next: 95%
Magic:  1/8        EV: 12    Int: 15    God:
Gold:   96         SH:  0    Dex: 12    Spells: 2 memorised, 3 levels left

rFire  x . .     SeeInvis .     l - +0 dagger (elec)
rCold  + + .     Clarity  .     a - +1 robe
rNeg   + + +     SustAt   .     (no shield)
rPois  ∞         Gourm    .     (no helmet)
rElec  .         Spirit   .     (no cloak)
rCorr  .         Warding  .     e - +0 pair of gloves {Str+3}
rMut   .         Stasis   .     (no boots)
MR     .....                    (no amulet)
Stlth  ++........               (no ring)
                                i - ring of protection from cold

@: very slightly contaminated, not resistant to hostile enchantments, unstealthy
A: no food or potions, fire vulnerability, cold resistance 1, negative energy
resistance 3, torment resistance, unbreathing
a: no special abilities


You were on level 4 of the Dungeon.
You were not hungry.

You visited 1 branch of the dungeon, and saw 4 of its levels.

You collected 96 gold pieces.

Inventory:

Hand weapons
 l - a +0 dagger of electrocution (weapon)
Missiles
 g - 23 poisoned needles
 k - 15 bolts
Armour
 a - a +1 robe (worn)
 e - a +0 pair of gloves of strength (worn)
Jewellery
 i - a ring of protection from cold (left hand)
Scrolls
 c - a scroll of noise {unknown}
 d - a scroll of fog {unknown}
 f - a scroll of blinking {unknown}
 j - 4 scrolls of identify
 m - 2 scrolls of magic mapping
Books
 b - a book of Callings

   Spells                             Type                      Level
   a - Summon Small Mammal            Summoning                    1
   b - Call Imp                       Summoning                    2
   c - Call Canine Familiar           Summoning                    3
   d - Summon Guardian Golem          Hexes/Summoning              3
   e - Summon Lightning Spire         Summoning/Air                4
   f - Summon Ice Beast               Ice/Summoning                4


   Skills:
 - Level 1.5 Dodging
 - Level 1.5 Stealth
 * Level 2.6 Spellcasting
 + Level 4.9 Summonings


You had 3 spell levels left.
You knew the following spells:

 Your Spells              Type           Power        Failure   Level  Hunger
b - Call Imp              Summ           ###.....     4%          2    N/A
c - Call Canine Familiar  Summ           ###.....     10%         3    N/A

Dungeon Overview and Level Annotations

Branches:
Dungeon (4/15)
 Temple: D:4-7

Altars:

Annotations:
D:4 Sigmund


Innate Abilities, Weirdness & Mutations

You do not eat or drink.
Your flesh is vulnerable to fire.
You are immune to poison.
Your flesh is cold resistant.
You are immune to negative energy.
You are immune to unholy pain and torment.
You can survive without breathing.


Message History

You are very lightly contaminated with residual magic.
Nothing appears to happen.
Sigmund gestures at your crimson imp while chanting.
The magic dart hits your crimson imp.
Your crimson imp closely misses Sigmund.
Sigmund points at your crimson imp and mumbles some strange words.
The magic dart hits your crimson imp.
Your crimson imp dies!
You aren't carrying any items that can be evoked.
Sigmund closely misses you.
You hit Sigmund but do no damage.
Sigmund is almost dead.
Sigmund barely misses you.
You hit Sigmund but do no damage.
Sigmund is almost dead.
You barely miss Sigmund.
Sigmund is almost dead.
Sigmund screams, "Only death can liberate you!"
Sigmund hits you with a scythe.
You die...

#....#......#####
####.#....#.#
..##.######.#
#.#..# #....#
#.#%## #.####
#.#)####.#
#.#<#....###
#.#.#......#
#@#.#..###.#
#####@#.#....#.#
#.@...#.##.#.#.#
#.########.#.#.#
#.##......^#.#.#
#....#######.#.#
###### #...#
#####


You could see Sigmund.

Vanquished Creatures
  3 adders
  An orc (D:3)
  4 ball pythons (D:2)
  2 bats
  5 jackals (D:3)
  3 giant cockroaches
  A giant newt (D:3)
  A goblin (D:3)
  2 kobolds
  7 rats
29 creatures vanquished.

Vanquished Creatures (collateral kills)
  Jessica (D:3)
  9 adders
  2 worms
  3 ball pythons
  5 bats
  2 giant cockroaches
  4 goblins
  3 hobgoblins (D:2)
  5 jackals
  2 kobolds
  6 giant newts
  4 rats
46 creatures vanquished.

Grand Total: 75 creatures vanquished

Notes
Turn   | Place    | Note
--------------------------------------------------------------
     0 | D:1      | derrpe the Mummy Summoner began the quest for the Orb.
     0 | D:1      | Reached XP level 1. HP: 13/13 MP: 3/3
   946 | D:2      | Reached XP level 2. HP: 4/19 MP: 1/5
  1256 | D:2      | Learned a level 2 spell: Call Imp
  1375 | D:2      | Reached skill level 4 in Summonings
  1464 | D:2      | Reached XP level 3. HP: 18/24 MP: 0/6
  1797 | D:2      | Learned a level 3 spell: Call Canine Familiar
  2783 | D:2      | Reached XP level 4. HP: 30/30 MP: 5/7
  3238 | D:3      | Noticed Jessica
  3248 | D:3      | Killed Jessica
  4297 | D:4      | Noticed Sigmund
  4346 | D:4      | Slain by Sigmund

Vault maps used:
D:1:      dpeg_arrival_tiny_a
D:2:      minmay_snake_closets
D:3:      uniq_jessica
D:4:      first_bread, lemuel_blue_sif_altar, uniq_sigmund, uniq_eustachio,
          uniq_robin, uniq_natasha

Action                   |  1- 3 |  4- 6 || total
-------------------------+-------+-------++-------
Melee: Whip              |    52 |       ||    52
       Dagger            |       |    73 ||    73
 Cast: Summon Small Mamm |    30 |       ||    30
       Call Imp          |    13 |     3 ||    16
       Call Canine Famil |    10 |    16 ||    26
  Use: Scroll            |       |     5 ||     5
 Stab: Sleeping          |     1 |     3 ||     4
       Distracted        |       |     1 ||     1
